[Event "Early-Titled-Tuesday-Blitz-July-09-2024"]
[Site "Chess.com"]
[Date "2024.07.09"]
[Round "11"]
[White "gau248"]
[Black "zacachess"]
[Result "1-0"]
[WhiteElo "2611"]
[BlackElo "2478"]
[TimeControl "180+1"]
[EndTime "10:05:32 PDT"]
[Termination "gau248 won by resignation"]

1. c4 Nf6 2. Nf3 g6 3. g3 Bg7 4.
Bg2 O-O 5. O-O d6 6. Nc3 e5 7.
d3 h6 8. b4 Re8 9. Nd2 c6 10. Bb2 d5 11. Rc1 Be6 12. b5 Nbd7 13. a4 a6 14. bxc6 bxc6 15. Ba3 Bf8 16. Bxf8 Rxf8 17. cxd5 cxd5 18. Nf3 d4 19. Nb1 Nd5 20. Nfd2 Qe7 21. Nc4 Rfc8 22. Qd2 Nc5 23. Bxd5 Bxd5 24. Nb6 Rd8 25. Qb4 Rab8 26. Nxd5 Rxb4 27. Nxe7+ Kf8 28. Nc6 Nb3 29. Nxb4 Nxc1 30. Rxc1 Rb8 31. Nxa6 Rb2 1-0

[Event "Early-Titled-Tuesday-Blitz-July-09-2024"]
[Site "Chess.com"]
[Date "2024.07.09"]
[Round "11"]
[White "brm72"]
[Black "Bkmzzzzz"]
[Result "1-0"]
[WhiteElo "2646"]
[BlackElo "2424"]
[TimeControl "180+1"]
[EndTime "10:05:33 PDT"]
[Termination "brm72 won by checkmate"]

1. e4 d6 2. d4 Nf6 3. Nc3 e5 4. Nf3 Nbd7 5. Rg1 g6 6. g4 Bg7 7. Be3 c6 8. Qd2 Qa5 9. O-O-O b5 10. g5 Nh5 11. Kb1 b4 12. Ne2 O-O 13. Ng3 Nf4 14.
h4 Ne6 15. h5 exd4 16. Nxd4 Nxd4 17. Bxd4 Ne5 18. Be2 c5 19. Be3 Be6 20. b3 c4 21.
Bd4 c3 22. Qc1 Qc7 23. f4 Nc6 24. Bxg7 Kxg7 25. f5 Bd7 26. Rh1 gxf5 27. exf5 f6 28. gxf6+ Kh8 29. Qh6 Rf7 30. Ne4 Raf8 31. Ng5 Bxf5 32.
Nxf7+ Rxf7 33. Bd3 Bxd3 34. Rxd3 Ne5 35. Rg3 Nd7 36.
Rhg1 Nxf6 37. Qxf6+ Rxf6 38. Rg8# 1-0

[Event "Early-Titled-Tuesday-Blitz-July-09-2024"]
[Site "Chess.com"]
[Date "2024.07.09"]
[Round "11"]
[White "ansko1999"]
[Black "Balla_Tamas"]
[Result "1-0"]
[WhiteElo "2620"]
[BlackElo "2485"]
[TimeControl "180+1"]
[EndTime "10:05:34 PDT"]
[Termination "ansko1999 won by resignation"]

1. Nc3 c5 2. e4 Nc6 3. f4 g6 4. Nf3 Bg7 5. Bb5 Nd4 6. O-O e6 7. Bd3 d5 8. exd5 exd5 9. Nxd4 cxd4 10. Re1+ Ne7 11. Bb5+ Kf8 12. Ne2 Bf5 13. Ng3 d3 14.
Nxf5 dxc2 15. Qxc2 Nxf5 16. Re8+ Qxe8 17. Bxe8 Rxe8 18.
Kf1 Re4 19. d3 Re6 20. Qc5+ Kg8 21. g4 Nd4 22. Qc8+ Bf8 23. Bd2 Kg7 24. Bc3 1-0

[Event "Early-Titled-Tuesday-Blitz-July-09-2024"]
[Site "Chess.com"]
[Date "2024.07.09"]
[Round "11"]
[White "esrosenberg"]
[Black "ploxoi"]
[Result "0-1"]
[WhiteElo "2313"]
[BlackElo "2460"]
[TimeControl "180+1"]
[EndTime "10:05:40 PDT"]
[Termination "ploxoi won by resignation"]

1. e4 e6 2. Nc3 d5 3. d4 Bb4 4.
exd5 exd5 5. Bd3 Nc6 6. Nf3 Nge7 7. O-O Bf5 8. Ne2 Qd7 9. c3 Bd6 10. Bf4 f6 11. Qd2 O-O-O 12. b4 g5 13. Bxd6 Qxd6 14.
Ng3 Bxd3 15. Qxd3 Qf4 16. a4 h5 17. a5 h4 18. Ne2 Qe4 19. Rfd1 Rhe8 20. b5 Nb8 21. b6 Qxd3 22. Rxd3 cxb6 23. axb6 a6 24. Kf1 Nec6 25. Nc1 Nd7 26. Rb1 Re6 27. Nb3 Rde8 28. Nc5 Rd6 29. h3 Na5 30. Nd2 Rxb6 31. Ra1 Rb5 32.
Nxd7 Kxd7 33. Rf3 Re6 34. Rf5 Kd6 35. Kg1 Nb3 36. Nxb3 Rxb3 37. Ra5 Rb5 38. Rxb5 axb5 39. Rf3 Re1+ 40. Kh2 Ke6 41. Re3+ Rxe3 42. fxe3 Kf5 43. g3 Ke4 0-1

[Event "Early-Titled-Tuesday-Blitz-July-09-2024"]
[Site "Chess.com"]
[Date "2024.07.09"]
[Round "11"]
[White "Tagir45"]
[Black "InitiatingASC"]
[Result "1-0"]
[WhiteElo "2616"]
[BlackElo "2421"]
[TimeControl "180+1"]
[EndTime "10:05:41 PDT"]
[Termination "Tagir45 won by checkmate"]

1. d4 d5 2. Nf3 e6 3. Bf4 a6 4.
e3 Nf6 5. Bd3 c5 6. c3 Nc6 7.
Nbd2 cxd4 8. exd4 Bd6 9. Bxd6 Qxd6 10. O-O O-O 11. Re1 Rb8 12. Ne5 Ne7 13. Qf3 Ng6 14. Qg3 Rd8 15. Ndf3 Nh5 16. Qg5 Nhf4 17. Bxg6 Nxg6 18. Nxg6 hxg6 19. h4 Bd7 20. h5 gxh5 21.
Qxh5 f6 22. g3 Be8 23. Qg4 Bf7 24. Kg2 Qf8 25. Rh1 g6 26. Rh4 Qg7 27. Rah1 g5 28. Rh6 Re8 29. Qh3 Bg6 30. Rxg6 Qxg6 31. Qh8+ Kf7 32.
Rh7+ Qxh7 33. Qxh7+ Kf8 34. Nh2 Rbd8 35. Ng4 f5 36. Ne5 Re7 37. Qh8# 1-0

[Event "Early-Titled-Tuesday-Blitz-July-09-2024"]
[Site "Chess.com"]
[Date "2024.07.09"]
[Round "11"]
[White "Noki102"]
[Black "jaskol95"]
[Result "1-0"]
[WhiteElo "2553"]
[BlackElo "2641"]
[TimeControl "180+1"]
[EndTime "10:05:43 PDT"]
[Termination "Noki102 won by resignation"]

1. Nc3 d5 2. d4 Nf6 3. Bf4 c5 4. e4 cxd4 5. Qxd4 Nc6 6. Bb5 Bd7 7. Bxc6 Bxc6 8. e5 Nd7 9. e6 fxe6 10. Nf3 Qb6 11.
Qd2 d4 12. Qxd4 Qxd4 13. Nxd4 e5 14. Nxc6 exf4 15. Nd4 e5 16. Ne6 Kf7 17. Nxf8 Rhxf8 18. O-O-O Rfd8 19. Rhe1 Rac8 20. Ne4 Rc6 21. Nd6+ Ke6 22.
Nxb7 Rb8 23. Na5 Ra6 24. Nb3 Rxa2 25. Kb1 Ra6 26. Rxd7 Rxb3 27. Rxg7 Rb5 28. Rxh7 Kf5 29. Rh5+ Kg4 30. Rexe5 Rxe5 31. Rxe5 f3 32. Re4+ Kf5 33.
gxf3 Rh6 34. Ra4 Rxh2 35. Rxa7 Rxf2 36. Rd7 Ke6 37. Rd3 Ke5 38. b4 Rh2 39. Kb2 Kf4 40.
Kc3 Rh1 41. b5 Rb1 42. Kc4 Ke5 43. Kc5 Rc1 44. c4 Ke6 45. b6 Rc2 46. Kb5 Rb2+ 47. Kc6 Ke7 48. c5 Rb1 49. b7 Rb3 50. Rxb3 Ke6 51.
b8=Q 1-0

[Event "Early-Titled-Tuesday-Blitz-July-09-2024"]
[Site "Chess.com"]
[Date "2024.07.09"]
[Round "11"]
[White "lluiss"]
[Black "Massakru"]
[Result "0-1"]
[WhiteElo "2195"]
[BlackElo "2386"]
[TimeControl "180+1"]
[EndTime "10:05:43 PDT"]
[Termination "Massakru won on time"]

1. Nf3 d5 2. d4 Nf6 3. c4 e6 4.
cxd5 Nxd5 5. e4 Nf6 6. Nc3 b6 7.
Bd3 Bb7 8. O-O Be7 9. Qc2 h6 10. Rd1 O-O 11. h3 Nc6 12. a3 a5 13. d5 exd5 14. exd5 Nb8 15. Bc4 Bd6 16. Nb5 Bc5 17. Bf4 Na6 18. d6 Bxf3 19. gxf3 cxd6 20. Bxd6 Bxd6 21. Rxd6 Qc8 22. Kh2 Nc5 23. Rg1 Ne6 24. Bd3 Qb8 25. Kh1 Rd8 26. Rxd8+ Qxd8 27. Qd2 Qd5 0-1

[Event "Early-Titled-Tuesday-Blitz-July-09-2024"]
[Site "Chess.com"]
[Date "2024.07.09"]
[Round "11"]
[White "AsaHoffmann"]
[Black "Szachulec75"]
[Result "1/2-1/2"]
[WhiteElo "2394"]
[BlackElo "2259"]
[TimeControl "180+1"]
[EndTime "10:05:44 PDT"]
[Termination "Game drawn by repetition"]

1. d4 Nf6 2. Bg5 e6 3. Nd2 Be7 4. e3 b6 5. Bd3 Bb7 6. Ngf3 h6 7.
Bh4 O-O 8. O-O c5 9. c3 Nc6 10. Qe2 d6 11. h3 e5 12. dxe5 dxe5 13. Bg3 Bd6 14. e4 Nh5 15. Bh2 Nf4 16. Bxf4 exf4 17. Nc4 Re8 18. Rad1 Qe7 19. Nxd6 Qxd6 20. e5 Qe7 21.
Rfe1 Rad8 22. Qe4 g6 23. Qxf4 Kg7 24. Qg3 Qe6 25. b3 Ne7 26. Bc4 Qf5 27. Rd6 Bxf3 28.
Qxf3 Qxf3 29. gxf3 Nf5 30. Rxd8 Rxd8 31. e6 fxe6 32.
Bxe6 Kf6 33. Bxf5 gxf5 34. f4 Rd2 35. Ra1 Rd3 36. Kg2 Rxc3 37. Rd1 Ke6 38. Re1+ Kd6 39. Rd1+ Kc6 40. Re1 Rd3 41. Re6+ Rd6 42. Re5 Rd5 43. Re6+ Rd6 44. Re5 Rd5 45. Re6+ Rd6 1/2-1/2

[Event "Early-Titled-Tuesday-Blitz-July-09-2024"]
[Site "Chess.com"]
[Date "2024.07.09"]
[Round "11"]
[White "dretch"]
[Black "TigrVShlyape"]
[Result "0-1"]
[WhiteElo "2873"]
[BlackElo "2974"]
[TimeControl "180+1"]
[EndTime "10:05:47 PDT"]
[Termination "TigrVShlyape won on time"]

1. d4 Nf6 2. c4 e6 3. Nf3 d5 4.
Nc3 c6 5. Bg5 Nbd7 6. cxd5 exd5 7. e3 Be7 8. Qc2 Nf8 9. Bd3 Ne6 10. Bh4 g6 11. O-O-O Ng7 12. h3 Bf5 13. Bxf5 Nxf5 14. Bxf6 Bxf6 15. e4 dxe4 16. Nxe4 Bg7 17. Qc5 Qd5 18.
Rhe1 O-O-O 19. Qxa7 Nxd4 20. Nfd2 Nb5 21. Qa4 Kb8 22. Nf3 Qf5 23. Qc4 Rhe8 24. Rxd8+ Rxd8 25. Ned2 Qf6 26. Qb3 Bh6 27. Re2 Qf5 28. a4 Nd4 29. Nxd4 Rxd4 30. Qb6 Rc4+ 0-1

[Event "Early-Titled-Tuesday-Blitz-July-09-2024"]
[Site "Chess.com"]
[Date "2024.07.09"]
[Round "11"]
[White "Chessbard1972"]
[Black "GilbertoHernandezAmura"]
[Result "1-0"]
[WhiteElo "2256"]
[BlackElo "2505"]
[TimeControl "180+1"]
[EndTime "10:05:48 PDT"]
[Termination "Chessbard1972 won by resignation"]

1. d4 Nf6 2. c4 g6 3. Nf3 Bg7 4.
g3 O-O 5. Bg2 c5 6. O-O d6 7.
Nc3 Nc6 8. d5 Nb4 9. e4 Bg4 10.
h3 Bxf3 11. Bxf3 Na6 12. Bg2 Nc7 13. a4 a6 14. a5 Rb8 15. Na4 Nd7 16. Ra3 b5 17. axb6 Nxb6 18. Nxb6 Rxb6 19. b3 Qb8 20. Qc2 a5 21. Bd2 a4 22. bxa4 Rb2 23. Qd3 Qa7 24.
Bc3 Bxc3 25. Qxc3 Rfb8 26. e5 dxe5 27. Qxe5 Ne8 28. Re1 Rb1 29. Re3 Nd6 30. Bf1 R8b7 31. Rxb1 Rxb1 32. Qxe7 Qxe7 33. Rxe7 Nxc4 34. Kg2 Nb6 35.
d6 Rd1 36. a5 Na4 37. d7 Kg7 38. Bb5 Nc3 39. Bc6 Nd5 40. Re8 1-0

[Event "Early-Titled-Tuesday-Blitz-July-09-2024"]
[Site "Chess.com"]
[Date "2024.07.09"]
[Round "11"]
[White "betta2004"]
[Black "JavierRuizVazquez"]
[Result "0-1"]
[WhiteElo "2513"]
[BlackElo "2421"]
[TimeControl "180+1"]
[EndTime "10:05:53 PDT"]
[Termination "JavierRuizVazquez won by resignation"]

1. Nf3 Nf6 2. e3 g6 3. b3 Bg7 4. Bb2 O-O 5. d4 d5 6. Nbd2 Nbd7 7. Bd3 Re8 8. O-O c5 9. Ne5 cxd4 10. exd4 Qc7 11.
f4 Nf8 12. Qf3 Bf5 13. Rac1 Rac8 14. c4 Bxd3 15. Qxd3 dxc4 16. bxc4 Red8 17. Qf3 Ne6 18. d5 Qb6+ 19. Rf2 Qxb2 20. Nb3 Qa3 21. dxe6 fxe6 22. Qxb7 Rb8 23. Qc6 Rd6 24. Qc7 Rxb3 25. Qc8+ Bf8 26. Rfc2 Rb2 27. h3 Qe3+ 28. Kh1 Rxc2 29.
Rxc2 Rd1+ 30. Kh2 Qxf4+ 31. g3 Qxe5 32. c5 Qe1 0-1

[Event "Early-Titled-Tuesday-Blitz-July-09-2024"]
[Site "Chess.com"]
[Date "2024.07.09"]
[Round "11"]
[White "santig8"]
[Black "JEHUBNER"]
[Result "1-0"]
[WhiteElo "2258"]
[BlackElo "2011"]
[TimeControl "180+1"]
[EndTime "10:05:55 PDT"]
[Termination "santig8 won by resignation"]

1. d4 Nf6 2. e3 d5 3. Bd3 c5 4. c3 Nc6 5. f4 e6 6. Nf3 Be7 7. O-O O-O 8. Ne5 Ne4 9. Nd2 f5 10. Nxe4 dxe4 11. Bc4 cxd4 12. exd4 Nxe5 13. fxe5 a6 14.
Qb3 Kh8 15. Bxe6 Bg5 16. Bxc8 Rxc8 17. Qe6 f4 18. Qg4 e3 19. d5 Bh6 20. d6 Qb6 21.
Kh1 Qc5 22. d7 Rc6 23. e6 Qe7 24. Bxe3 Rxe6 25. Bxf4 Bxf4 26. h3 Ref6 27. Rae1 Qd8 28. Re8 Rxe8 29. dxe8=N Qxe8 30. Rxf4 Qe1+ 31. Kh2 Qe5 32.
Qc8+ 1-0

[Event "Early-Titled-Tuesday-Blitz-July-09-2024"]
[Site "Chess.com"]
[Date "2024.07.09"]
[Round "11"]
[White "Goryachkina"]
[Black "Boundless_Strike"]
[Result "1-0"]
[WhiteElo "2700"]
[BlackElo "2800"]
[TimeControl "180+1"]
[EndTime "10:06:02 PDT"]
[Termination "Goryachkina won on time"]

1. d4 e5 2. dxe5 d6 3. Nf3 Nc6 4. Bg5 Qd7 5. e3 dxe5 6. Nbd2 Be7 7. Bxe7 Ngxe7 8. Bc4 O-O 9. O-O Kh8 10. Qe2 Ng6 11. Rfd1 Qe7 12. Bd5 Bd7 13. Ne4 h6 14. Qc4 f5 15. Nc5 e4 16. Nxd7 Qxd7 17. Bxe4 Qe8 18. Bxc6 bxc6 19. g3 Ne7 20. Rd4 Rb8 21. b3 Nd5 22. Rad1 Qe6 23. a3 a5 24. Qd3 Qf6 25.
c4 Ne7 26. Rd7 Rbc8 27. Qd4 Qe6 28. Qe5 Qxe5 29. Nxe5 Ng8 30. Nxc6 1-0

[Event "Early-Titled-Tuesday-Blitz-July-09-2024"]
[Site "Chess.com"]
[Date "2024.07.09"]
[Round "11"]
[White "deribas12345"]
[Black "Flawless_Fighter"]
[Result "0-1"]
[WhiteElo "2629"]
[BlackElo "2778"]
[TimeControl "180+1"]
[EndTime "10:06:07 PDT"]
[Termination "Flawless_Fighter won by resignation"]

1. d4 Nf6 2. c4 e6 3. Nc3 d5 4. cxd5 Nxd5 5. Nf3 Nxc3 6. bxc3 c5 7. e3 b6 8. Be2 Bb7 9. O-O Nd7 10. a4 Be7 11. a5 O-O 12. Ba3 Qc7 13. Qb3 Rab8 14. axb6 axb6 15. Rfb1 Bd5 16. c4 Be4 17. Rd1 Bf6 18. Bd3 Bxd3 19. Qxd3 Rfc8 20. Rac1 cxd4 21. exd4 Nf8 22. h3 Rd8 23. Qe4 h6 24. d5 Qb7 25.
Rb1 Ng6 26. Bb2 Bxb2 27. Rxb2 Rd6 28. Rdb1 exd5 29. cxd5 Rxd5 30. Rxb6 Rd1+ 31. Rxd1 Qxe4 32. Rxb8+ Kh7 33. Rbd8 Nf4 34. Re1 Qg6 35. g3 Nxh3+ 36. Kg2 Nf4+ 37. Kf1 Ne6 38. Rd5 Qg4 39. Ng1 Qc4+ 0-1

[Event "Early-Titled-Tuesday-Blitz-July-09-2024"]
[Site "Chess.com"]
[Date "2024.07.09"]
[Round "11"]
[White "Ninocanina"]
[Black "campochess"]
[Result "0-1"]
[WhiteElo "1919"]
[BlackElo "2240"]
[TimeControl "180+1"]
[EndTime "10:06:08 PDT"]
[Termination "campochess won on time"]

1. d4 Nf6 2. c4 g6 3. Nc3 d5 4. cxd5 Nxd5 5. e4 Nxc3 6. bxc3 Bg7 7. Bc4 c5 8. Ne2 O-O 9. O-O Qc7 10. Bf4 Qa5 11. Qb3 Nc6 12. Rfd1 cxd4 13. cxd4 Qh5 14. Ng3 Qh4 15. Be3 Na5 16. Qb4 Nxc4 17. Qxc4 Bg4 18. Rd2 Rfc8 19. Qb3 b6 20. Re1 Be6 21. Qa3 Bc4 22. Rc1 b5 23. Qa6 Qg4 24. h3 Qd7 25.
Rdc2 Rc6 26. Qa3 Rac8 27. e5 Qd5 28. Rc3 Bf8 29. Qxa7 b4 30. R3c2 Ra6 31. Qxa6 Bxa6 32. Rxc8 Bxc8 33. Rxc8 Kg7 34. Kh2 Qxa2 35. Ne4 b3 36. e6 Qa6 37. Nc5 Qxc8 38. exf7 Kxf7 39. d5 e5 40. dxe6+ Kf6 41. Bd4+ Ke7 0-1

[Event "Early-Titled-Tuesday-Blitz-July-09-2024"]
[Site "Chess.com"]
[Date "2024.07.09"]
[Round "11"]
[White "Cmorales2001"]
[Black "DFeco"]
[Result "0-1"]
[WhiteElo "2345"]
[BlackElo "2442"]
[TimeControl "180+1"]
[EndTime "10:06:09 PDT"]
[Termination "DFeco won by resignation"]

1. c4 c5 2. Nf3 Nc6 3. Nc3 g6 4. g3 Bg7 5. Bg2 e5 6. O-O Nge7 7. d3 O-O 8. Rb1 Rb8 9. a3 a6 10. b4 cxb4 11. axb4 b5 12. cxb5 axb5 13. Be3 d5 14. Bc5 Re8 15. e4 d4 16. Ne2 f6 17. Qb3+ Kh8 18.
Ra1 Qd7 19. Nd2 Qe6 20. f4 Qxb3 21. Nxb3 Be6 22. Na5 Nxa5 23. Rxa5 Nc6 24. Ra6 Rec8 25. fxe5 fxe5 26. h3 Kg8 27. Rfa1 Bf8 28. Bxf8 Kxf8 29. Rc1 Bd7 30. Rc5 Nxb4 31. Rxc8+ Bxc8 32. Rd6 Nxd3 33. Rd8+ Ke7 34. Rh8 b4 35. Rxh7+ Kd6 36. h4 b3 37. Rg7 b2 38. Rxg6+ Kc5 0-1

[Event "Early-Titled-Tuesday-Blitz-July-09-2024"]
[Site "Chess.com"]
[Date "2024.07.09"]
[Round "11"]
[White "Senn71"]
[Black "Dmitry_Ponomarev"]
[Result "1-0"]
[WhiteElo "2381"]
[BlackElo "2496"]
[TimeControl "180+1"]
[EndTime "10:06:10 PDT"]
[Termination "Senn71 won by checkmate"]

1. e4 d5 2. exd5 Qxd5 3. Nc3 Qd6 4. d4 Nf6 5. Bc4 a6 6. Nge2 b5 7. Bf4 Bb7 8. Bxd6 cxd6 9. Bb3 Bxg2 10. Rg1 Bb7 11.
Ng3 g6 12. Qd2 Nc6 13. Nd5 Nxd5 14. Bxd5 e6 15. Bxc6+ Bxc6 16. O-O-O Bb7 17. h4 h5 18. Kb1 Be7 19. Qf4 Bd5 20. Ne4 Bxe4 21. Qxe4 d5 22.
Qf4 Rc8 23. Rg3 Rf8 24. Rf3 Kd7 25. Rdd3 Bb4 26. a3 Bd6 27. Qd2 Be7 28. Rh3 Rc4 29. Qa5 Rc6 30. Rc3 Rfc8 31. Rxc6 Rxc6 32. Rc3 Rxc3 33. bxc3 Bxh4 34. Qxa6 Bxf2 35. Qxb5+ Ke7 36. Qe2 Bg3 37. a4 Bc7 38. Kb2 h4 39. Qg4 Bg3 40.
Kb3 Kd6 41. Kb4 Kc6 42. c4 dxc4 43. Kxc4 f5 44. Qxg6 Kd6 45. a5 Be1 46. a6 h3 47.
a7 h2 48. a8=Q Bb4 49. Qd5+ Kc7 50. Qgxe6 f4 51. Kxb4 f3 52. Qdd7+ Kb8 53. Qee8# 1-0

[Event "Early-Titled-Tuesday-Blitz-July-09-2024"]
[Site "Chess.com"]
[Date "2024.07.09"]
[Round "11"]
[White "yesilikeorangejuice"]
[Black "coalescenet"]
[Result "1-0"]
[WhiteElo "2528"]
[BlackElo "2386"]
[TimeControl "180+1"]
[EndTime "10:06:11 PDT"]
[Termination "yesilikeorangejuice won by checkmate"]

1. e4 c6 2. Nf3 d5 3. Nc3 dxe4 4. Nxe4 Nf6 5. Qe2 Nxe4 6. Qxe4 Qa5 7. Bc4 Bf5 8. Qf4 e6 9. O-O Nd7 10. d4 Be7 11. c3 Rc8 12. Re1 O-O 13. Qg3 Bg6 14.
Bg5 Bxg5 15. Nxg5 Kh8 16. h4 c5 17. d5 Nb6 18. dxe6 Nxc4 19. e7 Rfe8 20. h5 Bxh5 21. Qh3 f6 22. Nxh7 Kxh7 23. Qxh5+ Kg8 24. Qd5+ Kh7 25. Qxc4 Qc7 26. Qf7 Kh6 27. Re3 Qd7 28. Rh3+ Kg5 29. Qh5+ Kf4 30. Rf3+ Ke4 31. Re1# 1-0

[Event "Early-Titled-Tuesday-Blitz-July-09-2024"]
[Site "Chess.com"]
[Date "2024.07.09"]
[Round "11"]
[White "chess_peak"]
[Black "Timerkhanov"]
[Result "1/2-1/2"]
[WhiteElo "2557"]
[BlackElo "2657"]
[TimeControl "180+1"]
[EndTime "10:06:12 PDT"]
[Termination "Game drawn by repetition"]

1. d4 d5 2. c4 c6 3. Nf3 Nf6 4. Qc2 g6 5. Bf4 Bg7 6. e3 O-O 7. Nc3 c5 8. dxc5 Na6 9. Rd1 Qa5 10. a3 dxc4 11. Bxc4 Qxc5 12. Be2 Be6 13. O-O Qb6 14. Nd4 Rac8 15. Nxe6 Qxe6 16. Qa4 Nh5 17. Bxa6 bxa6 18. Rd3 Rc4 19. Qd7 Nxf4 20. exf4 Qxd7 21. Rxd7 Bxc3 22. bxc3 Rxc3 23. Rxe7 Rxa3 24. Rxa7 Rc8 25. g3 Ra2 26. Re1 Rcc2 27. Ree7 Rxf2 28. Rxf7 Rg2+ 29. Kf1 Rxh2 30. Rg7+ Kh8 31. Kg1 Rag2+ 32. Kf1 Ra2 33. Kg1 Rhg2+ 34. Kh1 Rh2+ 35. Kg1 1/2-1/2

[Event "Early-Titled-Tuesday-Blitz-July-09-2024"]
[Site "Chess.com"]
[Date "2024.07.09"]
[Round "11"]
[White "Arystanner"]
[Black "AcostaPablo"]
[Result "1-0"]
[WhiteElo "2912"]
[BlackElo "2708"]
[TimeControl "180+1"]
[EndTime "10:06:14 PDT"]
[Termination "Arystanner won by checkmate"]

1. e4 e6 2. d4 d5 3. e5 c5 4. c3 Nc6 5. Nf3 Qb6 6. Bd3 cxd4 7. O-O Nh6 8. Re1 dxc3 9. Nxc3 Ng4 10. Qe2 Bc5 11. Nd1 f6 12. exf6 Nxf6 13. a3 Nd4 14. Nxd4 Bxd4 15. Be3 O-O 16. Bxd4 Qxd4 17. Ne3 Bd7 18.
Rad1 Qf4 19. g3 Qc7 20. Nc2 Rae8 21. Qe5 Qxe5 22. Rxe5 Ng4 23. Re2 e5 24. Nb4 Bc6 25.
Rc1 e4 26. Bb1 Bb5 27. Rd2 e3 28. fxe3 Rxe3 29. Nxd5 Ref3 30. Nf4 g5 31. Be4 Ne5 32. Rd5 gxf4 33. Rxb5 Nd3 34. Rg5+ Kh8 35. Rc7 Re3 36.
Rxh7# 1-0

[Event "Early-Titled-Tuesday-Blitz-July-09-2024"]
[Site "Chess.com"]
[Date "2024.07.09"]
[Round "11"]
[White "Rosh1610"]
[Black "BlackBoarder"]
[Result "1/2-1/2"]
[WhiteElo "2507"]
[BlackElo "2737"]
[TimeControl "180+1"]
[EndTime "10:06:14 PDT"]
[Termination "Game drawn by repetition"]

1. e4 e6 2. d4 d5 3. Nc3 Bb4 4. exd5 exd5 5. Bd3 Ne7 6. Ne2 O-O 7. O-O Bf5 8. a3 Bd6 9. Bf4 c6 10. Bxd6 Qxd6 11.
Ng3 Bxd3 12. Qxd3 Nd7 13. Rae1 Rfe8 14. f4 Nf6 15. Re5 Ng6 16. Nf5 Qd7 17. h3 Re6 18. g4 Rae8 19. g5 Nh5 20. Ne2 Nxe5 21. fxe5 Rg6 22. h4 f6 23. exf6 Nxf6 24. Ne3 Ne4 25. Nf4 Rd6 26. c4 Rf8 27. c5 Re6 28. Nxe6 Rxf1+ 29. Qxf1 Qxe6 30. Qf5 Qxf5 31. Nxf5 Kf7 32. Kg2 g6 33. Ne3 Ke6 34. Kf3 Nd2+ 35. Ke2 Nc4 36.
Nd1 b6 37. cxb6 axb6 38. Kd3 Kf5 39. a4 Kg4 40. Ne3+ Kxh4 41. Nxc4 dxc4+ 42. Kxc4 Kxg5 43. b4 h5 44. a5 bxa5 45. bxa5 h4 46. a6 h3 47. a7 h2 48. a8=Q h1=Q 49. Qd8+ Kg4 50. Qd7+ Kg5 51. Qe7+ Kf5 52. Qe5+ Kg4 53. Qe6+ Kh5 54.
Qe5+ Kg4 55. Qe6+ Kg5 56. Qe7+ Kf5 57. Qf7+ Kg5 58. Qe7+ 1/2-1/2

[Event "Early-Titled-Tuesday-Blitz-July-09-2024"]
[Site "Chess.com"]
[Date "2024.07.09"]
[Round "11"]
[White "marvinguevara"]
[Black "Kyrko_Gamba"]
[Result "0-1"]
[WhiteElo "2053"]
[BlackElo "2526"]
[TimeControl "180+1"]
[EndTime "10:06:14 PDT"]
[Termination "Kyrko_Gamba won by checkmate"]

1. e4 d6 2. d4 g6 3. Nc3 Bg7 4. Be3 a6 5. a4 Nd7 6. Bc4 Ngf6 7.
h3 e5 8. Nf3 Qe7 9. dxe5 Nxe5 10. Nxe5 Qxe5 11. Qf3 Be6 12. Bxe6 Qxe6 13. O-O O-O 14.
Rfe1 c6 15. Rad1 b5 16. axb5 axb5 17. Bd4 b4 18. Nb1 c5 19. Bxf6 Bxf6 20. e5 Bxe5 21. Nd2 Qf6 22. Qd5 Bxb2 23. Nc4 Bd4 24. Re2 Rae8 25.
Ne3 Re5 26. Qf3 Qxf3 27. gxf3 Rfe8 28. Rde1 f5 29. Kf1 f4 30. Ng4 Rxe2 31. Rxe2 Rxe2 32. Kxe2 c4 33. Nh2 h5 34. Nf1 Bc3 35. Nh2 d5 36. Nf1 d4 37. Kd1 Kf7 38. Ke2 Kf6 39. Kd1 Kg5 40. Ke2 Kh4 41. Kd1 g5 42. Ke2 Kxh3 43. Kd1 Kg2 44. Ke2 g4 45. fxg4 hxg4 46. Nd2 f3+ 47.
Kd1 Bxd2 48. Kxd2 Kxf2 49. c3 dxc3+ 50. Kc2 b3+ 51. Kd1 g3 52. Kc1 g2 53. Kb1 g1=N 54. Kc1 Ne2+ 55. Kd1 Ke3 56. Ke1 Ng3 57. Kd1 c2+ 58.
Ke1 f2# 0-1

[Event "Early-Titled-Tuesday-Blitz-July-09-2024"]
[Site "Chess.com"]
[Date "2024.07.09"]
[Round "11"]
[White "Fandorine"]
[Black "Jakhongir-Vakhidov"]
[Result "1-0"]
[WhiteElo "2932"]
[BlackElo "3011"]
[TimeControl "180+1"]
[EndTime "10:06:16 PDT"]
[Termination "Fandorine won on time"]

1. d4 Nf6 2. Bg5 d5 3. e3 c5 4. Bxf6 gxf6 5. dxc5 e6 6. Nd2 Bxc5 7.
Qh5 Nc6 8. O-O-O Bd7 9. c4 f5 10. Ngf3 dxc4 11. Bxc4 Qf6 12. Kb1 Qg6 13. Qh4 Be7 14. Qf4 Qg4 15. Qc7 Rd8 16. Rhg1 Qg7 17. Bb3 O-O 18. g4 fxg4 19. h3 h5 20. hxg4 hxg4 21. Rxg4 Qxg4 22. Rg1 Qxg1+ 23. Nxg1 Bf6 24. Qg3+ Kh8 25. Ne4 Be7 26. Nf3 Rg8 27. Nfg5 1-0

[Event "Early-Titled-Tuesday-Blitz-July-09-2024"]
[Site "Chess.com"]
[Date "2024.07.09"]
[Round "11"]
[White "xh4823"]
[Black "Dewarfd"]
[Result "1-0"]
[WhiteElo "2323"]
[BlackElo "2090"]
[TimeControl "180+1"]
[EndTime "10:06:16 PDT"]
[Termination "xh4823 won on time"]

1. d4 Nf6 2. c4 e6 3. Nc3 b6 4.
Qc2 Bb7 5. f3 c5 6. e3 d5 7.
cxd5 Nxd5 8. Bb5+ Nd7 9. Nxd5 Bxd5 10. Ne2 Rc8 11. Qa4 cxd4 12. Nxd4 Bc5 13. Qxa7 Rc7 14. Qa4 O-O 15. O-O Nf6 16. Nb3 Bxb3 17. Qxb3 Qa8 18.
Kh1 Rd8 19. e4 Qa5 20. Bf4 Rcc8 21. Rad1 h6 22. Be5 Bb4 23. a4 Nh7 24. h4 Nf8 25.
Rxd8 Rxd8 26. Rd1 Rxd1+ 27. Qxd1 Bd2 28. Qc2 Qb4 29. Qc4 Qxc4 30. Bxc4 Nd7 31. Bc7 Bc1 32.
b3 1-0

[Event "Early-Titled-Tuesday-Blitz-July-09-2024"]
[Site "Chess.com"]
[Date "2024.07.09"]
[Round "11"]
[White "boguszp"]
[Black "AlainBruxelles"]
[Result "0-1"]
[WhiteElo "1952"]
[BlackElo "2247"]
[TimeControl "180+1"]
[EndTime "10:06:17 PDT"]
[Termination "AlainBruxelles won on time"]

1. d4 Nf6 2. Nf3 g6 3. Bf4 Bg7 4. e3 O-O 5. h3 d6 6. Be2 c5 7. O-O Nc6 8. c3 Qb6 9. Qb3 Qxb3 10. axb3 Be6 11. Nbd2 cxd4 12. exd4 Nd5 13. Bg3 Bd7 14.
b4 a6 15. Rfe1 e5 16. Bc4 Nb6 17. Bb3 Rae8 18. d5 Ne7 19. c4 Nf5 20. c5 Nxg3 21.
fxg3 Nc8 22. c6 bxc6 23. Rxa6 cxd5 24. Bxd5 Ne7 25. Rxd6 Nxd5 26. Rxd5 Be6 27. Rd6 Rb8 28. Nxe5 Rxb4 29. Nd3 Rb5 30. Rb1 Rfb8 31. b3 Bf8 32.
Rc6 Bf5 33. Nf4 Bxb1 34. Nxb1 Rxb3 35. Nc3 Rb2 36. Ne4 Rd8 37. Rc7 Kg7 38. Ne6+ Kg8 39.
Nxd8 Bg7 40. Nxf7 Bd4+ 41. Kh2 Re2 0-1

[Event "Early-Titled-Tuesday-Blitz-July-09-2024"]
[Site "Chess.com"]
[Date "2024.07.09"]
[Round "11"]
[White "FREDERICKtheMATE"]
[Black "CrimeFightingSpider07"]
[Result "0-1"]
[WhiteElo "2736"]
[BlackElo "2631"]
[TimeControl "180+1"]
[EndTime "10:06:18 PDT"]
[Termination "CrimeFightingSpider07 won by checkmate"]

1. e4 e5 2. a3 Nf6 3. Nc3 d5 4. exd5 Nxd5 5. Qh5 Nc6 6. Bb5 Be7 7. Qxe5 Nxc3 8. dxc3 O-O 9. Bxc6 bxc6 10. Be3 Rb8 11. Rd1 Bd6 12. Qa5 Rxb2 13. Nf3 Rb5 14. Qxa7 Qf6 15. Qd4 Qg6 16. O-O Bg4 17. Nh4 Qh5 18.
f3 Qxh4 19. Qxg4 Qxh2+ 20. Kf2 Rb2 21. Rd2 f5 22. Qc4+ Kh8 23. Rfd1 Bg3+ 24. Kf1 Rbb8 25. Bg1 Qh6 26. Rd7 Bd6 27. Qxc6 Rbe8 28. c4 Qe6 29. c5 Qe2# 0-1